 Dungeon Crawl Stone Soup version 0.30-a0-266-g2b27a225a3 (webtiles) character file.

Game seed: 4384324474914235162

286 Harunobu the Shield-Bearer (level 6, -5/38 HPs)
             Began as a Gargoyle Fighter on Oct 14, 2022.
             Slain by Edmund
             ... wielding a +7 vorpal flail
              (8 damage)
             ... on level 4 of the Dungeon.
             The game lasted 00:05:56 (2608 turns).

Harunobu the Shield-Bearer (Gargoyle Fighter)       Turns: 2608, Time: 00:05:57

Health: -5/38      AC: 12    Str: 21    XL:     6   Next: 30%
Magic:  6/6        EV:  9    Int:  9    God:
Gold:   163        SH:  4    Dex:  9    Spells: 5/5 levels left

rFire   . . .      SeeInvis .    t - +0 whip
rCold   . . .      Faith    .    c - +0 buckler
rNeg    + . .      Spirit   .    b - +0 scale mail
rPois   ∞          Reflect  .    (no helmet)
rElec   +          Harm     .    (no cloak)
rCorr   +          Rampage  .    (no gloves)
Will    .....                    w - +0 pair of boots
Stlth   ..........               p - amulet of the acrobat
HPRegen 0.26/turn                u - ring of resist corrosion
MPRegen 0.10/turn                (no ring)

@: mighty
A: sickness immunity, AC +4, negative energy resistance 1, electricity
resistance, torment resistance 1, petrification resistance
a: no special abilities


You were on level 4 of the Dungeon.
You visited 1 branch of the dungeon, and saw 4 of its levels.

You collected 163 gold pieces.

Inventory:

Hand Weapons
 a - a +0 flail
 t - a +0 whip (weapon)
Missiles
 f - 11 poisoned darts (quivered)
Armour
 b - a +0 scale mail (worn)
 c - a +0 buckler (worn)
 w - a +0 pair of boots (worn)
Jewellery
 p - an amulet of the acrobat (around neck)
 u - a ring of resist corrosion (left hand)
 x - a ring of flight
Scrolls
 h - 5 scrolls of blinking {unknown}
 j - a scroll of identify {unknown}
 l - 2 scrolls of teleportation {unknown}
 n - a scroll of fear {unknown}
 o - a scroll of acquirement {unknown}
 q - 2 scrolls of noise {unknown}
 r - a scroll of fog {unknown}
 s - a scroll of immolation {unknown}
 v - a scroll of torment {unknown}
Potions
 e - 2 potions of brilliance {unknown}
 g - a potion of heal wounds {unknown}
 k - a potion of flight {unknown}
 m - a potion of invisibility {unknown}
 z - a potion of cancellation {unknown}


   Skills:
 + Level 4.2 Fighting
 + Level 3.5 Maces & Flails
 + Level 4.4 Armour
 + Level 1.5 Dodging
 + Level 4.6 Shields


You had 5 spell levels left.
You didn't know any spells.
Your spell library contained the following spells:

 Spells                   Type           Power      Damage    Failure   Level
 Foxfire                  Conj/Fire      0%         2x1d4     80%         1
 Fireball                 Conj/Fire      0%         3d3       100%        5
 Starburst                Conj/Fire      0%         6d3       100%        6


Dungeon Overview and Level Annotations

Branches:
Dungeon (4/15)
 Temple: D:4-7

Altars:

Annotations:
D:4 Edmund


Innate Abilities, Weirdness & Mutations

You are immune to sickness and miasma.
Your stone body is resilient. (AC +4)
You are immune to poison.
You resist negative energy. (rN+)
You are resistant to electric shocks. (rElec)
You are resistant to unholy torment.
You are immune to petrification.


Message History

Done waiting.
Found a great mace.
Edmund the Younger comes into view.
He is wielding a +7 vorpal flail.
Edmund misses you.
You hit Edmund.
Edmund is lightly wounded.
Edmund hits you with a +7 vorpal flail.
You hit Edmund.
Edmund is lightly wounded.
Edmund hits you with a +7 vorpal flail. Edmund hits you with a +7 vorpal flail!
You feel very mighty all of a sudden. Edmund barely misses you.
You hit Edmund.
Edmund is moderately wounded.
Edmund hits you with a +7 vorpal flail.
You whack Edmund!
Edmund is heavily wounded.
You completely miss Edmund.
Edmund is heavily wounded.
Edmund hits you with a +7 vorpal flail!
* * * LOW HITPOINT WARNING * * *
x2 You feel better.
Edmund hits you but does no damage.
You hit Edmund.
Edmund is heavily wounded.
You block Edmund's attack.
You barely miss Edmund.
Edmund is heavily wounded.
Edmund closely misses you.
You hit Edmund but do no damage.
Edmund is heavily wounded.
Edmund hits you with a +7 vorpal flail!
* * * LOW HITPOINT WARNING * * *
x2 You hit Edmund.
Edmund is severely wounded.
You block Edmund's attack.
You hit Edmund but do no damage.
Edmund is severely wounded.
Edmund says, "A flail is better than a scythe, any day of the week!"
Edmund hits you with a +7 vorpal flail!
You die...

.. ##...#..........
...#####.^.....##.##..
.....#.#.......####...
#............# ##... ....
. ####..<......###..##
.... ....#
###..#......##..### #...##
......##.#..#.........## #
.....#
..>.........#..........###
.##..
.........@..#.#####.......
.#..###........@..)#..
#.#.....
....#......#......##..
#.###...
.......#..##..###.#
#..#..#. .......#.# ##.
... ........ .........##
##. .... .........
..........###.. .###
#........ ..........#....
#........ .............#
.........


You could see Edmund.

Vanquished Creatures
  2 scorpions (D:4)
  An iguana (D:4)
  Natasha (D:4)
  3 adders
  2 gnolls
  A worm (D:4)
  A dart slug (D:2)
  3 orcs (D:3)
  8 ball pythons
  4 endoplasms
  2 giant cockroaches
  8 goblins
  6 hobgoblins
  3 jackals (D:4)
  4 quokkas
  3 bats
  A frilled lizard (D:2)
  4 kobolds
  3 rats
60 creatures vanquished.

Vanquished Creatures (others)
  5 toadstools (D:1)
5 creatures vanquished.

Grand Total: 65 creatures vanquished

Notes
Turn   | Place    | Note
-------+----------+-------------------------------------------
     0 | D:1      | Harunobu the Gargoyle Fighter began the quest for the Orb.
     0 | D:1      | Reached XP level 1. HP: 14/14 MP: 1/1
   152 | D:1      | Reached XP level 2. HP: 19/19 MP: 2/2
   187 | D:1      | Found a faded altar of an unknown god.
   814 | D:2      | Reached XP level 3. HP: 23/23 MP: 3/3
  1283 | D:2      | Reached skill level 1 in Dodging
  1391 | D:2      | Reached XP level 4. HP: 21/28 MP: 4/4
  1899 | D:3      | HP: 1/29 [gnoll/+0 flail (7)]
  1965 | D:4      | Noticed a scorpion
  1966 | D:4      | Reached XP level 5. HP: 7/33 MP: 5/5
  2202 | D:4      | Reached XP level 6. HP: 33/38 MP: 6/6
  2394 | D:4      | Noticed Natasha
  2413 | D:4      | Killed Natasha
  2593 | D:4      | Noticed Edmund
  2608 | D:4      | Slain by Edmund

Illustrated notes

Levels and vault maps discovered:
D:1:      ldierk_walled_garden, layout_basic, nicolae_ecumenical_lake_church
D:2:      layout_loops_cross
D:3:      minmay_evil_eye, layout_loops_ring, minmay_misc_feat_columns,
          minmay_misc_feat_ornament, uniq_robin, uniq_crazy_yiuf_cottage
D:4:      layout_cave_pools, chequers_temple_overflow_statue_of_worship,
          uniq_edmund, uniq_natasha

Skill      XL: |  1  2  3  4  5 |
---------------+----------------+-----
Dodging        | 1 |  1.5
Shields        | 4 |  4.6
Armour         | 4 |  4.4
Fighting       | 4 |  4.2
Maces & Flails | 3 |  3.5

Action                   |  1- 3 |  4- 6 || total
-------------------------+-------+-------++-------
Melee: Flail             |    87 |       ||    87
       Whip              |       |   171 ||   171
  Use: Potion            |       |     5 ||     5
Armor: Scale mail        |    43 |    61 ||   104
Dodge: Dodged            |    52 |   111 ||   163
Block: Buckler           |    21 |    34 ||    55

Table legend: (Time is in decaauts)
 A = Elapsed time spent in this place.
 B = Non-inter-level travel time spent in this place.
 C = Inter-level travel time spent in this place.
 D = Time resting spent in this place.
 E = Time spent auto-exploring this place.
 F = Levels seen in this place.
 G = Mean time per level.
                   A        B        C        D        E       F      G
               +--------+--------+--------+--------+--------+-----+--------+
         Total |   2640 |   2579 |     61 |    534 |   1234 |   4 |  660.0 |
       Dungeon |   2640 |   2579 |     61 |    534 |   1234 |   4 |  660.0 |
               +--------+--------+--------+--------+--------+-----+--------+

Top non-repeatable levels by time:
     D:2: 785 daAuts
     D:1: 754 daAuts
     D:4: 650 daAuts
     D:3: 450 daAuts
